 Seeded DCSS version 0.29.1-1-gd02db6906a (webtiles) character file.

Game seed: 11355732149685707320 (custom seed)

22 gzilladon the Chopper (level 2, -1/27 HPs)
             Began as a Hill Orc Monk on Sept 28, 2022.
             Was a Believer of Beogh.
             Slain by an orc priest
             ... wielding a +0 mace
              (6 damage)
             ... on level 3 of the Dungeon.
             The game lasted 00:01:11 (412 turns).

gzilladon the Chopper (Hill Orc Monk)                Turns: 412, Time: 00:01:11

Health: -1/27      AC:  6    Str: 13    XL:     2   Next: 91%
Magic:  2/2        EV:  5    Int: 10    God:    Beogh [**....]
Gold:   10         SH: 10    Dex: 13    Spells: 1/1 levels left

rFire   . . .      SeeInvis .   a - +0 hand axe
rCold   . . .      Faith    .   f - +0 tower shield
rNeg    . . .      Spirit   .   d - +0 scale mail
rPois   .          Reflect  .   (no helmet)
rElec   .          Harm     .   (no cloak)
rCorr   .          Rampage  .   (no gloves)
Will    .....                   (no boots)
Stlth   ..........              (no amulet)
HPRegen 0.09/turn               (no ring)
MPRegen 0.08/turn               (no ring)

@: no status effects
A: no striking features
a: Renounce Religion, Smiting


You were on level 3 of the Dungeon.
You worshipped Beogh.
Beogh was pleased with you.
You visited 1 branch of the dungeon, and saw 3 of its levels.

You collected 10 gold pieces.

Inventory:

Hand Weapons
 a - a +0 hand axe (weapon)
Armour
 b - a +0 robe
 d - a +0 scale mail (worn)
 f - a +0 tower shield (worn)
Scrolls
 e - 2 scrolls of identify {unknown}
Potions
 c - a potion of ambrosia


   Skills:
 + Level 3.8 Fighting
 * Level 5.0 Axes
 + Level 2.5 Dodging
 + Level 1.6 Stealth


You had one spell level left.
You didn't know any spells.
Your spell library was empty.

Dungeon Overview and Level Annotations

Branches:
Dungeon (3/15)

Altars:


Message History

You swap places.
The ball python bites you but does no damage.
The ball python barely misses you.
The orc priest closely misses the orc wizard.
The orc wizard gestures at you while chanting.
You resist with significant effort.
The orc barely misses the ball python.
You hit the orc wizard but do no damage.
You hit the ball python.
You kill the ball python!
Beogh accepts your kill.
The orc wizard hits the orc priest but does no damage.
The orc priest calls down the wrath of Beogh upon the orc wizard.
The orc wizard writhes in agony!
You hit the orc wizard.
You kill the orc wizard!
Beogh accepts your kill.
The orc priest hits the orc priest with a +0 mace!
The orc priest barely misses the orc priest.
The orc priest hits the orc priest with a +0 mace.
Your Axes skill increases to level 5!
You swap places.
The orc priest miscasts a cantrip.
Things that are here:
a +0 dagger; a +0 robe You hit the orc priest.
The orc priest is lightly wounded.
The orc priest looks satisfied for a moment.
The orc priest mumbles some strange prayers to Beogh against you.
Pain shoots through your body!
You barely miss the orc priest.
The orc priest is lightly wounded.
The orc priest calls down the wrath of Beogh upon you.
Beogh smites you!
* * * LOW HITPOINT WARNING * * *
The orc priest hits you but does no damage.
You hit the orc priest.
The orc priest is heavily wounded.
The orc priest hits you with a +0 mace.
You die...
Beogh appreciates the orc priest's killing of a heretic priest.

.. #.# ..# .
...# ... ..>#
#...#####...##.
#.(..o@o.......
#...###......#.
#. #.##.#.# #<#
# #)# #.# #.#
#.o....#
...#####


You could see an orc priest, a neutral orc priest (distracted) and a neutral orc
(wandering).

Vanquished Creatures
  An orc wizard (D:3)
  A worm (D:2)
  An orc (D:3)
  An endoplasm (D:2)
  A giant cockroach (D:1)
  2 goblins (D:1)
  A ball python (D:3)
  A bat (D:1)
  A frilled lizard (D:1)
  2 kobolds
  A rat (D:1)
13 creatures vanquished.

Notes
Turn   | Place    | Note
-------+----------+-------------------------------------------
     0 | D:1      | gzilladon the Hill Orc Monk began the quest for the Orb.
     0 | D:1      | Reached XP level 1. HP: 19/19 MP: 1/1
   149 | D:1      | Reached XP level 2. HP: 20/26 MP: 2/2
   404 | D:3      | Became a worshipper of Beogh the Brigand
   404 | D:3      | Reached * piety under Beogh
   404 | D:3      | Reached ** piety under Beogh
   409 | D:3      | Reached skill level 5 in Axes
   412 | D:3      | Slain by an orc priest

Illustrated notes

Levels and vault maps discovered:
D:1:      onia_arrival_pyramid, layout_basic, serial_shops, shop,
          hellmonk_ecumenical_altar_zigzags, minmay_misc_feat_cross
D:2:      layout_basic, fountainhead
D:3:      layout_loops_cross, mainiacjoe_overflow_boulevard,
          nemelex_diamond_rough_becter, mainiacjoe_overflow_tiny_flanked,
          trog_book, lightli_sewer_entry_pipes

Skill      XL: |  1  2 |
---------------+-------+-----
Axes           | 5 |  5.0
Fighting       | |  3.8
Dodging        | |  2.5
Stealth        | |  1.6

Action                   || total
-------------------------++-------
Melee: Hand axe          ||    35
Invok: Convert to Beogh  ||     1
Armor: Scale mail        ||    13
Dodge: Dodged            ||     9
Block: Tower shield      ||     7
